 Dungeon Crawl Stone Soup version 0.26.1-11-gd32895ea62 (webtiles) character file.

Game seed: 8508901882479835031

78 Destapler the Caller (level 4, 0/32 HPs)
             Began as a Gnoll Wanderer on Apr 30, 2021.
             Slain by Terence
             ... wielding a +0 short sword
              (5 damage)
             ... on level 2 of the Dungeon.
             The game lasted 00:11:50 (2972 turns).

Destapler the Caller (Gnoll Wanderer)               Turns: 2972, Time: 00:11:51

Health: 0/32       AC:  9    Str:  9 (12) XL:     4   Next: 36%
Magic:  9/11       EV: 12    Int: 14 (15) God:
Gold:   83         SH:  0    Dex: 12 (15) Spells: 4/13 levels left

rFire    . . .     SeeInvis .   a - +3 short sword
rCold    . . .     Faith    .   (no shield)
rNeg     . . .     Spirit   .   d - +0 robe
rPois    .         Reflect  .   (no helmet)
rElec    .         Harm     .   (no cloak)
rCorr    .         Rampage  .   (no gloves)
Will     .....                  n - +0 pair of boots
Stlth    ++........             (no amulet)
HPRegen  0.10/turn              e - +4 ring of protection
MPRegen  0.12/turn              (no ring)

@: flying
A: distributed training, fangs 1, icy blue scales 1, weak 1, strong nose
a: no special abilities


You were on level 2 of the Dungeon.
You visited 1 branch of the dungeon, and saw 2 of its levels.

You collected 83 gold pieces.

Inventory:

Hand Weapons
 a - a +3 short sword (weapon)
Missiles
 b - 5 boomerangs
 g - 2 curare-tipped darts (quivered)
Armour
 d - a +0 robe (worn)
 j - a +0 leather armour
 n - a +0 pair of boots (worn)
Jewellery
 e - a +4 ring of protection (left hand)
 f - an uncursed amulet of inaccuracy


   Skills:
 + Level 1.1 Fighting
 + Level 1.1 Short Blades
 + Level 1.1 Long Blades
 + Level 1.1 Axes
 + Level 1.1 Maces & Flails
 + Level 1.1 Polearms
 + Level 1.1 Staves
 + Level 1.1 Slings
 + Level 1.1 Bows
 + Level 1.1 Crossbows
 + Level 1.1 Throwing
 + Level 1.1 Armour
 + Level 1.1 Dodging
 + Level 1.1 Stealth
 + Level 4.6 Shields
 + Level 1.1 Unarmed Combat
 + Level 5.0 Spellcasting
 + Level 0.8 Conjurations
 + Level 3.8 Hexes
 + Level 5.4 Summonings
 + Level 0.8 Necromancy
 + Level 0.8 Translocations
 + Level 2.2 Transmutations
 + Level 0.8 Fire Magic
 + Level 0.8 Ice Magic
 + Level 0.8 Air Magic
 + Level 0.8 Earth Magic
 + Level 0.8 Poison Magic
 + Level 1.2 Invocations
 + Level 1.1 Evocations


You had 4 spell levels left.
You knew the following spells:

 Your Spells              Type           Power        Failure   Level
a - Corona                Hex            15%          3%          1
b - Apportation           Tloc           12%          12%         1
c - Ensorcelled Hibernat  Hex/Ice        20%          10%         2
d - Wereblood             Tmut           9%           11%         2
e - Confusing Touch       Hex            14%          11%         3

Your spell library contained the following spells:

 Spells                   Type           Power        Failure   Level
 Tukima's Dance           Hex            14%          11%         3
 Passwall                 Tmut/Erth      5%           14%         2
 Dazzling Flash           Conj/Hex       20%          21%         3
 Lesser Beckoning         Tloc           3%           36%         3


Dungeon Overview and Level Annotations

Branches:
Dungeon (2/15)

Altars:

Annotations:
D:2 Jessica, Natasha, Sigmund, Terence


Innate Abilities, Weirdness & Mutations

Your experience applies equally to all skills.
You have very sharp teeth.
Your uncanny sense of smell can sniff out nearby items.
You are partially covered in icy blue scales. (AC +2)
You are weak. (Str -2)


Message History

You closely miss Natasha. The goblin misses you.
The ooze hits you but does no damage. Natasha misses you.
The crimson imp barely misses you.
The jackal bites you but does no damage.
The jackal barely misses you.
Jessica casts a spell.
Jessica blinks!
The crimson imp blinks!
Something hits you.
* * * LOW HITPOINT WARNING * * *
You barely miss the jackal.
The jackal bites you but does no damage. x2
The goblin barely misses you. The ooze hits you but does no damage.
The crimson imp hits you but does no damage.
Natasha claws you but does no damage.
Jessica gestures wildly while chanting.
Jessica blinks!
The jackal barely misses you.
The jackal bites you but does no damage.
You puncture the jackal!
You kill the jackal!
Terence hits you with a +0 short sword.
You die...

#..........
####..........
#.............
.....##.#########
#######.#
###$......###
#.g...........#
#g@h5.........#
#.@Jg.........#
#5h.{.........#
#.............#
.ยง.............#
..#.............#
....#............
... #...........
... #..........


You could see Terence, Natasha, 2 crimson imps, an ooze, a jackal and 3 goblins.

Vanquished Creatures
  Natasha (D:2)
  2 adders (D:2)
  2 leopard geckos
  2 bats
  A giant cockroach (D:1)
  5 goblins
  A hobgoblin (D:1)
  8 jackals
  2 frilled lizards (D:1)
  6 kobolds
  2 rats
32 creatures vanquished.

Notes
Turn   | Place    | Note
-------+----------+-------------------------------------------
     0 | D:1      | Destapler the Gnoll Wanderer began the quest for the Orb.
     0 | D:1      | Destapler set off with the following items: a +0 club, a +0
                  | robe; and the following spells available to memorise:
                  | Corona, Wereblood, Confusing Touch, Tukima's Dance,
                  | Ensorcelled Hibernation, Apportation, Passwall, Dazzling
                  | Flash, Lesser Beckoning
     0 | D:1      | Reached XP level 1. HP: 13/13 MP: 6/6
     2 | D:1      | Learned a level 1 spell: Corona
     4 | D:1      | Learned a level 1 spell: Apportation
   596 | D:1      | Reached XP level 2. HP: 8/19 MP: 7/7
   867 | D:1      | Learned a level 2 spell: Ensorcelled Hibernation
   870 | D:1      | Learned a level 2 spell: Wereblood
  2131 | D:2      | Reached XP level 3. HP: 25/25 MP: 9/9
  2135 | D:2      | Learned a level 3 spell: Confusing Touch
  2175 | D:2      | Reached skill level 5 in Spellcasting
  2569 | D:2      | Reached skill level 1 in Invocations
  2651 | D:2      | Noticed Natasha
  2737 | D:2      | Reached skill level 1 in Fighting
  2737 | D:2      | Reached skill level 1 in Short Blades
  2737 | D:2      | Reached skill level 1 in Long Blades
  2737 | D:2      | Reached skill level 1 in Axes
  2737 | D:2      | Reached skill level 1 in Maces & Flails
  2737 | D:2      | Reached skill level 1 in Polearms
  2737 | D:2      | Reached skill level 1 in Staves
  2737 | D:2      | Reached skill level 1 in Slings
  2737 | D:2      | Reached skill level 1 in Bows
  2737 | D:2      | Reached skill level 1 in Crossbows
  2737 | D:2      | Reached skill level 1 in Throwing
  2737 | D:2      | Reached skill level 1 in Armour
  2737 | D:2      | Reached skill level 1 in Dodging
  2737 | D:2      | Reached skill level 1 in Stealth
  2737 | D:2      | Reached skill level 1 in Unarmed Combat
  2737 | D:2      | Reached skill level 1 in Evocations
  2867 | D:2      | Killed Natasha
  2868 | D:2      | Reached XP level 4. HP: 32/32 MP: 11/11
  2931 | D:2      | Noticed Terence
  2948 | D:2      | Noticed Natasha
  2949 | D:2      | Noticed Sigmund
  2963 | D:2      | Noticed Jessica
  2966 | D:2      | Gained mutation: You are partially covered in icy blue
                  | scales. (AC +2) [potion of mutation]
  2966 | D:2      | Gained mutation: Your magical capacity is low. (-10% MP)
                  | [potion of mutation]
  2966 | D:2      | Gained mutation: You are weak. (Str -2) [potion of
                  | mutation]
  2966 | D:2      | Lost mutation: Your magical capacity is low. (-10% MP)
                  | [potion of mutation]
  2972 | D:2      | Slain by Terence

Illustrated notes

Levels and vault maps discovered:
D:1:      matt_arrival_grand_opening, layout_loops_ring
D:2:      layout_basic, serial_corexii_hall, chequers_hall_statues_corner_a,
          chequers_hall_statues_corner_a, uniq_jessica, uniq_sigmund,
          uniq_terence, uniq_natasha

Skill      XL: |  1  2  3 |
---------------+----------+-----
Transmutations | 2 |  2.2
Spellcasting   | 5 |  5.0
Invocations    | 1 |  1.2
Fighting       | 1 |  1.1
Short Blades   | 1 |  1.1
Long Blades    | 1 |  1.1
Axes           | 1 |  1.1
Maces & Flails | 1 |  1.1
Polearms       | 1 |  1.1
Staves         | 1 |  1.1
Slings         | 1 |  1.1
Bows           | 1 |  1.1
Crossbows      | 1 |  1.1
Throwing       | 1 |  1.1
Armour         | 1 |  1.1
Dodging        | 1 |  1.1
Stealth        | 1 |  1.1
Unarmed Combat | 1 |  1.1
Evocations     | 1 |  1.1
Shields        | |  4.6
Conjurations   | |  0.8
Hexes          | |  3.8
Summonings     | |  5.4
Necromancy     | |  0.8
Translocations | |  0.8
Fire Magic     | |  0.8
Ice Magic      | |  0.8
Air Magic      | |  0.8
Earth Magic    | |  0.8
Poison Magic   | |  0.8

Action                   |  1- 3 |  4- 6 || total
-------------------------+-------+-------++-------
Melee: Club              |    19 |       ||    19
       Whip              |    95 |       ||    95
       Bite              |    14 |     1 ||    15
       Short sword       |    69 |     6 ||    75
Throw: Dart              |     9 |     4 ||    13
       Boomerang         |     3 |       ||     3
 Cast: Wereblood         |     2 |       ||     2
       Ensorcelled Hiber |     1 |       ||     1
  Use: Scroll            |     2 |     2 ||     4
       Potion            |     2 |     4 ||     6
 Stab: Sleeping          |     2 |       ||     2
Armor: Robe              |    64 |    32 ||    96
Dodge: Dodged            |   112 |    43 ||   155
